 Dungeon Crawl Stone Soup version 0.30-a0-576-g89cddaab80 (webtiles) character file.

Game seed: 2255892190850090610

135 cforsyth the Trooper (level 5, -3/47 HPs)
             Began as a Ghoul Monk on Dec 30, 2022.
             Slain by an orc priest
             ... wielding a +0 falchion
              (4 damage)
             ... on level 4 of the Dungeon.
             The game lasted 00:03:04 (2144 turns).

cforsyth the Trooper (Ghoul Monk)                   Turns: 2144, Time: 00:03:05

Health: -3/47      AC:  2    Str: 16 (17) XL:     5   Next: 18%
Magic:  4/4        EV: 12    Int:  7 (8)  God:
Gold:   113        SH:  0    Dex:  9 (11) Spells: 4/4 levels left

rFire   . . .      SeeInvis .      - Unarmed
rCold   + . .      Faith    .    (no shield)
rNeg    + + +      Spirit   .    a - +0 robe
rPois   ∞          Reflect  .    h - +0 hat {Int+3}
rElec   .          Harm     .    (no cloak)
rCorr   .          Rampage  .    (no gloves)
Will    .....                    (no boots)
Stlth   ++                       (no amulet)
HPRegen 0.00/turn                (no ring)
MPRegen 0.09/turn                (no ring)

@: mighty, flying, inhibited regen
A: claws 1, cold resistance 1, negative energy resistance 3, inhibited
regeneration, torment resistance 2, devour on kill
a: no special abilities


You were on level 4 of the Dungeon.
You visited 1 branch of the dungeon, and saw 4 of its levels.

You collected 113 gold pieces.

Inventory:

Armour
 a - a +0 robe (worn)
 h - a +0 hat of intelligence (worn)
Jewellery
 k - a ring of see invisible
 t - a +4 ring of protection
Scrolls
 c - 2 scrolls of immolation {unknown}
 d - a scroll of amnesia {unknown}
 f - 3 scrolls of identify {unknown}
 g - a scroll of enchant weapon {unknown}
 i - a scroll of blinking {unknown}
 j - 2 scrolls of teleportation {unknown}
 l - 2 scrolls of poison {unknown}
 q - a scroll of fog {unknown}
 r - a scroll of fear {unknown}
Potions
 b - a potion of ambrosia
 m - a potion of haste {unknown}


   Skills:
 + Level 4.9 Fighting
 - Level 2.8 Dodging
 - Level 2.4 Stealth
 + Level 4.8 Unarmed Combat


You had 4 spell levels left.
You didn't know any spells.
Your spell library contained the following spells:

 Spells                   Type           Power      Damage    Failure   Level
 Magic Dart               Conj           0%         1d3       43%         1
 Searing Ray              Conj           0%         2d4       56%         2
 Fulminant Prism          Conj/Hex       0%         3d5       99%         4


Dungeon Overview and Level Annotations

Branches:
Dungeon (4/15)
 Temple: D:4-7

Altars:
Wu Jian

Shops:
D:2 *


Innate Abilities, Weirdness & Mutations

You are immune to poison.
You have sharp fingernails.
Your flesh is cold resistant. (rC+)
You are immune to negative energy. (rN+++)
You do not regenerate when monsters are visible.
You are immune to unholy pain and torment.
You thrive by killing the living.


Message History

Okay, then.
Unknown command.
You scratch the orc priest but do no damage.
The orc priest is severely wounded.
You scratch the orc priest.
The orc priest is severely wounded.
The orc priest closely misses you.
You closely miss the orc priest.
The orc priest is severely wounded.
The orc priest barely misses you.
You scratch the orc priest but do no damage.
The orc priest is severely wounded.
The orc priest closely misses you.
You barely miss the orc priest.
The orc priest is severely wounded.
The orc priest barely misses you.
You scratch the orc priest but do no damage.
The orc priest is severely wounded.
The orc priest hits you with a +0 falchion.
* * * LOW HITPOINT WARNING * * *
Unknown command.
It was a potion of curing.
You feel better.
The orc priest miscasts a cantrip.
It was a potion of degeneration.
There was something very wrong with that liquid.
You feel weakened.
You feel dopey.
You feel clumsy.
The orc priest begins to cast a cantrip, but forgets the words!
It was a potion of cancellation.
You feel magically purged.
The orc priest hits you with a +0 falchion.
* * * LOW HITPOINT WARNING * * *
It was a potion of flight.
You feel very buoyant.
You fly up into the air.
The orc priest looks satisfied for a moment.
It was a potion of might.
You feel very mighty all of a sudden. The orc priest closely misses you.
It was a potion of lignification.
You feel woody for a moment.
The orc priest hits you with a +0 falchion.
You die...

### #.. #.#
#o# #o# #@#
#.# #.# ####
#.# ...
####.#######.#
#............#
#.##$######..#
# #.# #..#.#
#.# #..#.#


You could see an orc priest and an orc.

Vanquished Creatures
  6 adders
  3 dart slugs
  3 orcs (D:4)
  3 ball pythons
  4 bats
  6 endoplasms
  3 giant cockroaches
  6 goblins
  8 hobgoblins
  7 jackals (D:4)
  4 quokkas
  A frilled lizard (D:2)
  2 kobolds (D:1)
  9 rats
65 creatures vanquished.

Notes
Turn   | Place    | Note
-------+----------+-------------------------------------------
     0 | D:1      | cforsyth the Ghoul Monk began the quest for the Orb.
     0 | D:1      | Reached XP level 1. HP: 19/19 MP: 0/0
   163 | D:1      | Reached XP level 2. HP: 24/26 MP: 1/1
   280 | D:1      | Found a faded altar of an unknown god.
   739 | D:2      | Reached XP level 3. HP: 30/33 MP: 2/2
   759 | D:2      | Found Lethuckocku's General Store.
  1380 | D:3      | Reached XP level 4. HP: 40/40 MP: 3/3
  1501 | D:3      | Found an ornate altar of the Wu Jian Council.
  1905 | D:4      | Reached XP level 5. HP: 44/47 MP: 4/4
  2138 | D:4      | HP: 1/47 [orc priest/+0 falchion (4)]
  2144 | D:4      | Slain by an orc priest

Illustrated notes

Levels and vault maps discovered:
D:1:      tarquinn_simple_flora_water_e, layout_loops_ring,
          ebering_ecumenical_altar_petrified
D:2:      layout_loops_cross, serial_shops,
          nicolae_shop_competitors_out_of_business
D:3:      layout_rooms, lemuel_round_altar
D:4:      layout_loops_ring, minmay_temple_entry_enclosed_plants, serial_shops,
          nicolae_shop_bloodbath_and_beyond, st_stairs_13

Skill      XL: |  1  2  3 |
---------------+----------+-----
Fighting       | 4 |  4.9
Unarmed Combat | 4 |  4.8
Dodging        | |  2.8
Stealth        | |  2.4

Action                   |  1- 3 |  4- 6 || total
-------------------------+-------+-------++-------
Melee: Unarmed           |    87 |   117 ||   204
       Punch             |     2 |     3 ||     5
  Use: Potion            |       |     6 ||     6
 Stab: Sleeping          |    11 |     1 ||    12
Armor: Robe              |    12 |    12 ||    24
Dodge: Dodged            |    37 |    80 ||   117

Table legend: (Time is in decaauts)
 A = Elapsed time spent in this place.
 B = Non-inter-level travel time spent in this place.
 C = Inter-level travel time spent in this place.
 D = Time resting spent in this place.
 E = Time spent auto-exploring this place.
 F = Levels seen in this place.
 G = Mean time per level.
                   A        B        C        D        E       F      G
               +--------+--------+--------+--------+--------+-----+--------+
         Total |   2126 |   2047 |     79 |      0 |   1631 |   4 |  531.5 |
       Dungeon |   2126 |   2047 |     79 |      0 |   1631 |   4 |  531.5 |
               +--------+--------+--------+--------+--------+-----+--------+

Top non-repeatable levels by time:
     D:1: 728 daAuts
     D:2: 635 daAuts
     D:3: 521 daAuts
     D:4: 241 daAuts
